 Dungeon Crawl Stone Soup version 0.18-a0-1273-g8ec5f8e (webtiles) character file.

388 namelastname112 the Shooter (level 6, -11/52 HPs)
             Began as a Draconian Hunter on Feb 7, 2016.
             Mangled by an ogre
             ... wielding a +0 giant club
              (17 damage)
             ... on level 4 of the Dungeon.
             The game lasted 00:05:08 (3822 turns).

namelastname112 the Shooter (Draconian Hunter)      Turns: 3822, Time: 00:05:08

Health: -11/52     AC:  8    Str: 14    XL:     6   Next: 49%
Magic:  6/6        EV: 13    Int: 11    God:
Gold:   109        SH:  0    Dex: 14    Spells: 0 memorised, 5 levels left

rFire  . . .     SeeInvis .     a - +1 shortbow
rCold  . . .     Gourm    .     (armour unavailable)
rNeg   . . .     Faith    .     (shield currently unavailable)
rPois  .         Spirit   .     r - +2 hat
rElec  .         Dismiss  .     (no cloak)
rCorr  .         Reflect  .     (no gloves)
SustAt .         Harm     .     (no boots)
MR     .....                    (no amulet)
Stlth  ++........               (no ring)
                                (no ring)

@: not resistant to hostile enchantments, unstealthy
A: unfitting armour, cold-blooded, AC +6
a: no special abilities


You were on level 4 of the Dungeon.
You were not hungry.

You visited 1 branch of the dungeon, and saw 4 of its levels.

You collected 109 gold pieces.

Inventory:

Hand Weapons
 a - a +1 shortbow (weapon)
 b - a +0 short sword
Missiles
 c - 3 arrows (quivered)
Armour
 r - a +2 hat (worn)
Scrolls
 e - a scroll of blinking {unknown}
 n - 2 scrolls of identify {unknown}
 o - a scroll of magic mapping {unknown}
 q - a scroll of random uselessness {unknown}
 t - a scroll of teleportation {unknown}
Potions
 g - a potion of haste
Comestibles
 d - 4 bread rations
 f - 2 meat rations
 l - 2 beef jerkies
 m - a slice of pizza


   Skills:
 + Level 4.2 Fighting
 * Level 5.5 Bows
 + Level 3.5 Dodging
 - Level 0.8 Stealth


You had 5 spell levels left.
You didn't know any spells.

Dungeon Overview and Level Annotations

Branches:
Dungeon (4/15)             Temple (0/1) D:4

Altars:
Ashenzari
Nemelex Xobeh
Okawaru
Pakellas
Trog
Vehumet
The Shining One

Annotations:
D:4 dvd's ghost, amateur DEFE


Innate Abilities, Weirdness & Mutations

Your plain brown scales are hard (AC +6).
Your body does not fit into most forms of armour.
You are cold-blooded and may be slowed by cold attacks.


Message History

Firing (i - inventory):
c - 6 arrows (quivered)
Press: ? - help, Shift-Dir - straight line, f/p - dvd's ghost
Aim: dvd's ghost, wielding a weapon of freezing (moderately damaged)
You shoot an arrow. The arrow hits the ogre.
The ogre is severely wounded.
The ogre closely misses you.
Firing (i - inventory):
c - 5 arrows (quivered)
Press: ? - help, Shift-Dir - straight line, f/p - dvd's ghost
Aim: dvd's ghost, wielding a weapon of freezing (moderately damaged)
You shoot an arrow. The arrow barely misses the ogre.
The arrow hits dvd's ghost but does no damage.
Dvd's ghost is moderately damaged.
The ogre barely misses you.
Firing (i - inventory):
c - 4 arrows (quivered)
Press: ? - help, Shift-Dir - straight line, f/p - dvd's ghost
Aim: dvd's ghost, wielding a weapon of freezing (moderately damaged)
You shoot an arrow. The arrow hits the ogre.
The ogre is severely wounded.
The ogre hits you with a giant club!
You die...

#### ..# #.#
#@# #O#
#W#####
#a.((a# .
#####.# ...
...#.#
.....###.#O# #
#........#.#..
#.#..#Z###....


You could see an ogre, a worker ant and dvd's ghost.

Vanquished Creatures
  Grinder (D:4)
  Terence (D:2)
  A worker ant (D:4)
  Robin (D:3)
  3 gnolls (D:2)
  3 adders (D:3)
  2 worms
  4 giant geckos
  7 orcs (D:3)
  7 bats
  2 giant cockroaches
  9 goblins
  9 hobgoblins
  2 jackals (D:3)
  7 kobolds
  A giant gecko skeleton (D:4)
  6 giant newts
  A quokka skeleton (D:4)
  11 rats
78 creatures vanquished.

Notes
Turn   | Place    | Note
--------------------------------------------------------------
     0 | D:1      | namelastname112 the Draconian Hunter began the quest for the Orb.
     0 | D:1      | Reached XP level 1. HP: 17/17 MP: 1/1
   155 | D:1      | Reached XP level 2. HP: 5/25 MP: 2/2
   702 | D:2      | Noticed Terence
   714 | D:2      | Killed Terence
   714 | D:2      | Reached skill level 4 in Bows
   714 | D:2      | Reached XP level 3. HP: 21/30 MP: 3/3
   770 | D:2      | Found a radiant altar of Vehumet.
  1212 | D:2      | Reached XP level 4. HP: 28/38 MP: 4/4
  1371 | D:2      | Found an iron altar of Okawaru.
  2179 | D:3      | Reached XP level 5. HP: 24/45 MP: 5/5
  2296 | D:3      | Found a bloodstained altar of Trog.
  2325 | D:3      | Found a glowing golden altar of the Shining One.
  2328 | D:3      | Found a sparkling altar of Nemelex Xobeh.
  2329 | D:3      | Found a shattered altar of Ashenzari.
  2433 | D:3      | Noticed Robin
  2468 | D:3      | Killed Robin
  2708 | D:3      | Found an oddly glowing altar of Pakellas.
  3119 | D:4      | Noticed Grinder
  3125 | D:4      | Gained mutation: You are robust (+10% HP). [potion of mutation]
  3125 | D:4      | Gained mutation: Your muscles are strong. (Str +2) [potion of mutation]
  3125 | D:4      | Gained mutation: Your flesh is heat resistant. [potion of mutation]
  3127 | D:4      | Lost mutation: You are robust (+10% HP). [potion of cure mutation]
  3127 | D:4      | Lost mutation: Your flesh is heat resistant. [potion of cure mutation]
  3127 | D:4      | Lost mutation: Your muscles are strong. (Str +2) [potion of cure mutation]
  3134 | D:4      | Paralysed by Grinder for 3 turns
  3148 | D:4      | Paralysed by Grinder for 7 turns
  3181 | D:4      | Killed Grinder
  3181 | D:4      | Reached skill level 5 in Bows
  3181 | D:4      | Reached XP level 6. HP: 52/52 MP: 6/6
  3266 | D:4      | Found a staircase to the Ecumenical Temple.
  3304 | D:4      | HP: 2/52 [scorpion (10)]
  3779 | D:4      | Noticed dvd's ghost (amateur DEFE)
  3822 | D:4      | Mangled by an ogre

Vault maps used:
D:1:      ncdulo_watergridlock
D:2:      okawaru_gym_becter, old_standard_altar, first_bread, uniq_terence
D:3:      nicolae_overflow_crystal_walls, nicolae_overflow_hidden_temple,
          serial_bayou, serial_bayou_pond_d, serial_bayou_crossing,
          serial_bayou_pond_d, serial_bayou_shore_b, grunt_pakellas_sulfur,
          uniq_robin
D:4:      marbit_many_paths, minmay_temple_entry_junction2, minmay_bad_closet,
          uniq_grinder

Action                   |  1- 3 |  4- 6 || total
-------------------------+-------+-------++-------
Melee: Short sword       |    93 |   218 ||   311
       Unarmed           |       |    27 ||    27
 Fire: Shortbow          |    27 |    49 ||    76
  Use: Potion            |       |     8 ||     8
 Stab: Sleeping          |       |     3 ||     3
  Eat: Chunk             |     1 |     6 ||     7
       Meat ration       |       |     1 ||     1
